 Dungeon Crawl Stone Soup version 0.28.0-53-g5a82cb258f (webtiles) character file.

Game seed: 2955708133173352876

12985 H0rd4k the Slinger (level 12, 0/93 (99) HPs)
             Began as a Human Artificer on July 8, 2022.
             Was an Initiate of Gozag.
             Slain by a spectral orc warrior
             ... wielding a +0 flail
             ... summoned by Nergalle
              (13 damage)
             ... on level 11 of the Dungeon.
             The game lasted 00:16:36 (11710 turns).

H0rd4k the Slinger (Human Artificer)               Turns: 11710, Time: 00:16:36

HP:   0/93 (99)     AC:  9    Str: 12    XL:     12   Next: 27%
MP:   21/21         EV: 13    Int: 16    God:    Gozag
Gold: 1382          SH:  0    Dex: 15    Spells: 11/11 levels left

rFire   . . .      SeeInvis .   o - +9 hunting sling of Laufi {vorpal, rC+ Will+ Stlth+}
rCold   + . .      Faith    .   (no shield)
rNeg    + . .      Spirit   .   b - +0 leather armour
rPois   .          Reflect  .   P - +2 hat
rElec   .          Harm     .   J - scarf {+Inv}
rCorr   .          Rampage  .   h - +2 pair of gloves
Will    +....                   I - +0 pair of boots
Stlth   ++........              (no amulet)
HPRegen 0.25/turn               O - ring of positive energy
MPRegen 0.17/turn               S - ring of magical power

@: drained
A: no striking features
a: Renounce Religion, Evoke Invisibility, Potion Petition, Call Merchant, Bribe
Branch


You were on level 11 of the Dungeon.
You worshipped Gozag.
Gozag was most pleased with you.
You visited 1 branch of the dungeon, and saw 11 of its levels.
You also visited: Sewer.

You collected 1493 gold pieces.
You paid 111 gold pieces to Gozag.

Inventory:

Hand Weapons
 a - a +0 club
 o - the +9 hunting sling of Laufi (weapon) {vorpal, rC+ Will+ Stlth+}
   (You found it on level 2 of the Dungeon)

   Any ammunition fired from it inflicts extra damage upon your enemies.
   rC:        It protects you from cold.
   Will:      It increases your willpower.
   Stlth:     It makes you more stealthy.
 C - a +2 flail of pain
Missiles
 n - 14 sling bullets (quivered ammo)
 q - 220 stones
 E - a throwing net
Armour
 b - a +0 leather armour (worn)
 h - a +2 pair of gloves (worn)
 I - a +0 pair of boots (worn)
 J - a scarf of invisibility (worn)
 P - a +2 hat (worn)
Jewellery
 f - a ring of wizardry
 O - a ring of positive energy (left hand)
 S - a ring of magical power (right hand)
Wands
 c - a wand of flame (41)
 d - a wand of charming (19)
 K - a wand of iceblast (30)
 R - a wand of acid (9)
Scrolls
 k - a scroll of summoning {unknown}
 m - 6 scrolls of teleportation
 r - 3 scrolls of fog {unknown}
 t - 2 scrolls of blinking {unknown}
 x - 3 scrolls of enchant armour
 y - 4 scrolls of fear
 B - a scroll of amnesia {unknown}
 D - a scroll of magic mapping {unknown}
 F - 3 scrolls of vulnerability
 G - 2 scrolls of acquirement {unknown}
 L - a scroll of silence {unknown}
 M - a scroll of holy word {unknown}
 N - 2 scrolls of enchant weapon {unknown}
 Q - 3 scrolls of noise {unknown}
 T - a scroll of immolation {unknown}
 U - a scroll of torment {unknown}
Potions
 g - 10 potions of curing
 i - 2 potions of attraction
 j - 5 potions of heal wounds
 l - 2 potions of might
 p - a potion of flight
 s - a potion of haste
 u - a potion of ambrosia
 v - 3 potions of cancellation
 w - a potion of magic {unknown}
 z - 2 potions of lignification
 A - 2 potions of invisibility
 H - 2 potions of berserk rage
 V - a potion of brilliance {unknown}
Miscellaneous
 e - a piece from Xom's chessboard (15/15)


   Skills:
 + Level 10.7 Fighting
 + Level 1.1 Maces & Flails
 + Level 14.5 Slings
 - Level 2.0 Armour
 + Level 4.2 Dodging
 - Level 1.0 Stealth
 - Level 4.3 Evocations


You had 11 spell levels left.
You didn't know any spells.
Your spell library contained the following spells:

 Spells                   Type           Power      Damage    Failure   Level
 Blink                    Tloc           0%         N/A       43%         2
 Ensorcelled Hibernation  Hex/Ice        0%         N/A       43%         2
 Passwall                 Tmut/Erth      0%         N/A       43%         2
 Gell's Gravitas          Tloc           0%         N/A       67%         3
 Lesser Beckoning         Tloc           0%         N/A       67%         3
 Spider Form              Tmut/Pois      0%         N/A       67%         3
 Swiftness                Air            0%         N/A       67%         3
 Teleport Other           Tloc           0%         N/A       67%         3
 Airstrike                Air            0%         N/A       97%         4
 Anguish                  Hex/Necr       0%         N/A       97%         4
 Summon Ice Beast         Ice/Summ       0%         N/A       97%         4
 Summon Lightning Spire   Summ/Air       0%         N/A       97%         4
 Blade Hands              Tmut           0%         N/A       100%        5
 Irradiate                Conj/Tmut      0%         3d14      100%        5
 Lightning Bolt           Conj/Air       0%         1d11      100%        5
 Manifold Assault         Tloc           0%         N/A       100%        5
 Summon Mana Viper        Hex/Summ       0%         N/A       100%        5
 Dispersal                Tloc           0%         N/A       100%        6
 Dragon Form              Tmut           0%         N/A       100%        7
 Monstrous Menagerie      Summ           0%         N/A       100%        7
 Storm Form               Tmut/Air       0%         N/A       100%        7


Dungeon Overview and Level Annotations

Branches:
Dungeon (11/15)            Temple (0/1) D:4            Lair (0/6) D:10
    Orc (0/2) D:10          Sewer (visited)

Altars:
Cheibriados
Elyvilon
Gozag
Vehumet

Shops:
D:7 *

Portals:
Trove: D:10 (give +8 demon whip)

Annotations:
D:1 exclusion: downstairs
D:4 1 runed translucent door, exclusion: door, kalagan's ghost, amateur DECj
D:8 3 runed translucent doors, exclusion: 3 doors, Flure's ghost, novice KoAM
D:9 1 runed translucent door, exclusion: door, Tali's ghost, novice DsBe
D:11 Nergalle


Message History

You hear a splash.
The spectral orc warlord hits you from afar with a +1 halberd!
The spectral orc warrior hits you with a +0 flail!
You shoot a sling bullet.
The sling bullet barely misses the spectral orc warrior.
You shoot a sling bullet.
The sling bullet hits the spectral orc warrior but does no damage.
The spectral orc warrior is moderately damaged.
You hear a splash.
The spectral orc knight hits you with a +0 war axe!
You partially resist.
You feel drained.
The spectral orc warlord hits you from afar with a +1 halberd!!
You partially resist.
You feel drained.
The spectral orc warrior hits you with a +0 flail.
You partially resist.
You feel drained.
The spectral orc warrior hits you but does no damage.
An electric eel comes into view.
Unknown command.
You enter the shallow water.
Moving in this stuff is going to be slow.
The spectral orc knight misses you.
You enter the shallow water.
Moving in this stuff is going to be slow.
The spectral orc knight hits you with a +0 war axe.
The electric eel shoots out a bolt of lightning at you!
The bolt of electricity hits you!
The spectral orc knight hits you with a +0 war axe!
* * * LOW HITPOINT WARNING * * *
The spectral orc warrior hits you but does no damage.
You feel much better.
The spectral orc knight hits you with a +0 war axe!!
The spectral orc warrior hits you with a +0 flail.
You partially resist.
You feel drained.
The spectral orc knight hits you with a +0 war axe!!
* * * LOW HITPOINT WARNING * * *
There is an open gate, spattered with blood here.
There is a stone staircase leading up, spattered with blood here.
The spectral orc warrior hits you with a +0 flail!
You die...
Your body crumbles into a pile of gold.

.....≈≈≈≈≈....P.P.P...P..♣..♣♣
.........................♣♣..♣♣
.........................♣♣...♣
....≈≈≈≈≈≈.............♣♣♣♣.♣..
....≈≈≈≈≈..............♣ ♣.♣♣♣.
...≈≈≈≈≈≈...#''Z#......♣ ♣.♣ ♣.
..≈≈≈≈≈≈...##...##.....♣ ♣.♣ ♣.
.≈≈≈≈≈≈≈..##..ZZ.##....♣ ♣.♣♣♣.
≈≈≈≈≈≈≈≈≈≈..#...@...#Z..♣♣ ♣..♣♣.
≈≈≈≈≈≈≈≈≈S..#.......#..♣♣ ♣♣.♣..
≈≈≈≈≈≈≈≈≈...#..<.<..#..♣ ♣.♣.♣
≈≈≈≈≈≈≈.....##.....##Z.♣ ♣♣.♣♣
≈≈≈≈≈≈♣..≈≈≈.##...##..♣♣ ♣♣...♣
≈≈≈≈≈≈...≈≈≈≈.#####..♣♣ ♣..♣.♣
≈≈≈≈≈≈..≈≈≈≈♣..Z...Z.♣ ♣♣.♣♣.♣
≈≈♣≈≈.....≈♣≈........♣♣♣♣♣♣..♣♣.♣
♣♣......≈..o.........♣♣.....♣♣♣.♣


You could see a spectral orc warrior (summoned), a spectral orc knight
(summoned) and a spectral orc warlord (summoned).

Vanquished Creatures
  Snorg (D:11)
  Harold (D:9)
  Erolcha (D:9)
  3 two-headed ogres
  Pikel (D:8)
  A manticore (D:11)
  Joseph (D:8)
  An unseen horror (D:10)
  A komodo dragon (D:11)
  A merfolk (D:11)
  A troll (D:10)
  A hornet (D:10)
  A meliai zombie (D:10)
  2 wyverns (D:10)
  A water elemental (D:11)
  2 steam dragons
  A basilisk (D:10)
  13 yaks
  Eustachio (D:5)
  A water moccasin (D:7)
  4 orc warriors
  3 black bears
  4 ogres
  2 necrophages (D:6)
  A centaur (D:8)
  A kobold brigand (D:8)
  9 bullfrogs
  2 scorpions
  7 killer bees
  A wight (D:10)
  4 howler monkeys
  2 orc priests
  A bullfrog zombie (D:5)
  3 centaur zombies
  5 hounds
  A bullfrog skeleton (D:5)
  2 gnoll shamans
  Ijyb (D:5)
  Jessica (D:2)
  9 orc wizards
  An iguana (D:6)
  2 hound zombies (D:5)
  2 howler monkey zombies
  Robin (D:4)
  7 gnolls
  A howler monkey skeleton (D:6)
  12 adders
  10 river rats
  A white imp (D:7)
  An ufetubus (D:5)
  2 worms
  2 dart slugs
  24 orcs
  12 ball pythons
  7 endoplasms
  3 giant cockroaches
  13 goblins
  10 hobgoblins
  10 jackals
  9 kobolds
  7 quokkas
  4 bats
  5 frilled lizards
  31 rats
276 creatures vanquished.

Vanquished Creatures (collateral kills)
  An endoplasm (Sewer)
1 creature vanquished.

Vanquished Creatures (others)
  A bullfrog (Sewer)
  48 plants (D:11)
49 creatures vanquished.

Grand Total: 326 creatures vanquished

Notes
Turn   | Place    | Note
-------+----------+-------------------------------------------
     0 | D:1      | H0rd4k the Human Artificer began the quest for the Orb.
     0 | D:1      | Reached XP level 1. HP: 15/15 MP: 1/1
   336 | D:1      | Reached XP level 2. HP: 15/21 MP: 2/2
  1185 | D:2      | Noticed Jessica
  1457 | D:2      | Identified the +9 hunting sling of Laufi {vorpal, rC+ Will+
                  | Stlth+}
  1529 | D:2      | Reached XP level 3. HP: 26/26 MP: 3/3
  1607 | D:2      | Killed Jessica
  1608 | D:2      | Reached XP level 4. HP: 32/32 MP: 4/4
  1873 | D:2      | Found a faded altar of an unknown god.
  2488 | D:3      | Reached skill level 1 in Maces & Flails
  2493 | D:3      | Reached skill level 1 in Slings
  2712 | D:3      | Reached XP level 5. HP: 38/38 MP: 5/5
  2910 | D:4      | Reached skill level 2 in Slings
  3121 | D:4      | Found a glowing drain.
  3125 | Sewer    | Entered a sewer
  3150 | Sewer    | Reached XP level 6. HP: 44/44 MP: 6/6
  3155 | Sewer    | Reached skill level 3 in Slings
  3391 | Sewer    | Reached skill level 4 in Slings
  3490 | Sewer    | Reached XP level 7. HP: 22/51 MP: 7/7
  3780 | D:4      | Reached skill level 5 in Slings
  3994 | D:4      | Noticed Robin
  4010 | D:4      | Killed Robin
  4204 | D:4      | Found a runed translucent door.
  4206 | D:4      | Noticed kalagan's ghost (amateur DECj)
  4297 | D:4      | Found a staircase to the Ecumenical Temple.
  4422 | D:5      | Entered Level 5 of the Dungeon
  4427 | D:5      | Reached skill level 6 in Slings
  4427 | D:5      | Reached XP level 8. HP: 58/58 MP: 8/8
  4461 | D:5      | Reached skill level 7 in Slings
  4469 | D:5      | Noticed Ijyb
  4474 | D:5      | Killed Ijyb
  4714 | D:5      | Noticed Eustachio
  4718 | D:5      | Killed Eustachio
  4719 | D:5      | Reached skill level 8 in Slings
  4751 | D:5      | Found a snail-covered altar of Cheibriados.
  4967 | D:5      | Found a white marble altar of Elyvilon.
  5354 | D:6      | Found a radiant altar of Vehumet.
  5369 | D:6      | Found an opulent altar of Gozag.
  5372 | D:6      | Reached XP level 9. HP: 65/65 MP: 9/9
  5412 | D:6      | Became a worshipper of Gozag Ym Sagoz the Greedy
  5608 | D:6      | Reached skill level 9 in Slings
  5944 | D:6      | Reached skill level 5 in Fighting
  6256 | D:7      | Reached skill level 10 in Slings
  6343 | D:7      | Found Pyorr's Mass Market.
  7129 | D:8      | Noticed a two-headed ogre
  7136 | D:8      | Killed a two-headed ogre
  7137 | D:8      | Reached skill level 11 in Slings
  7137 | D:8      | Reached XP level 10. HP: 77/77 MP: 10/10
  7289 | D:8      | Noticed Joseph
  7298 | D:8      | Killed Joseph
  7602 | D:8      | Found a runed translucent gate.
  7602 | D:8      | Found a runed translucent gate.
  7604 | D:8      | Found a runed translucent gate.
  7624 | D:8      | Noticed Pikel
  7628 | D:8      | Killed Pikel
  7691 | D:8      | Reached skill level 12 in Slings
  7948 | D:8      | Noticed Flure's ghost (novice KoAM)
  8202 | D:9      | Noticed Harold
  8223 | D:9      | Killed Harold
  8361 | D:9      | Noticed Tali's ghost (novice DsBe)
  8365 | D:9      | Found a runed translucent door.
  8562 | D:9      | Noticed Erolcha
  8567 | D:9      | Killed Erolcha
  8568 | D:9      | Reached XP level 11. HP: 86/86 MP: 11/11
  8669 | D:9      | Reached skill level 13 in Slings
  9020 | D:10     | Entered Level 10 of the Dungeon
  9020 | D:10     | Found a portal to a secret trove of treasure.
  9353 | D:10     | Found a staircase to the Orcish Mines.
  9364 | D:10     | Found a staircase to the Lair.
 10184 | D:11     | Noticed Snorg
 10196 | D:11     | Killed Snorg
 10197 | D:11     | Reached skill level 14 in Slings
 10293 | D:11     | Noticed a manticore
 10307 | D:11     | Reached skill level 10 in Fighting
 10534 | D:11     | Killed a manticore
 10535 | D:11     | Reached XP level 12. HP: 32/97 MP: 12/12
 11150 | D:11     | Noticed a two-headed ogre
 11163 | D:11     | Killed a two-headed ogre
 11395 | D:11     | Noticed a two-headed ogre
 11406 | D:11     | Killed a two-headed ogre
 11661 | D:11     | Noticed Nergalle
 11710 | D:11     | Slain by a spectral orc warrior

Illustrated notes

Levels and vault maps discovered:
D:1:      mainiacjoe_arrival_reflecting_pool, layout_basic
D:2:      layout_loops_ring, shapermc_ecumenical_altar_flowoftime, uniq_jessica
D:3:      layout_loops_ring, kennysheep_decorative_pillar
D:4:      layout_cave_pools, minmay_temple_entry_poolview,
          gup_sewer_entry_spiral, gammafunk_ghost_grave,
          kennysheep_generic_room_6, uniq_robin
D:5:      layout_basic, nicolae_elyvilon_peaceful_grove,
          mainiacjoe_overflow_24_doors, st_stairs_1, supply_closet_lemuel,
          uniq_ijyb, uniq_eustachio
D:6:      layout_cave_pods, jmf_multi_god_temple
D:7:      layout_basic, minivault_25, hangedman_glass_teeth, minmay_shop_mass
D:8:      layout_loops_ring, gammafunk_ghost_icy, eino_tiny_chamber, uniq_pikel,
          uniq_joseph
D:9:      layout_small_grid, hellmonk_ghost_happy_afterlife, uniq_erolcha,
          uniq_harold
D:10:     layout_loops_ring, david_lair_generic, orc_0_dummy,
          nicolae_trove_entry_free_sample, kennysheep_generic_room_11
D:11:     kennysheep_town, uniq_nergalle, uniq_snorg

Skill      XL: |  1  2  3  4  5  6  7  8  9 10 11 12 |
---------------+-------------------------------------+-----
Evocations     | 4 |  4.3
Maces & Flails | 1 |  1.1
Slings         | 1 2 4 6 8 11 12 14 | 14.5
Fighting       | 2 3 4 6 8 10 | 10.7
Dodging        | 2 3 4 |  4.2
Armour         | |  2.0
Stealth        | |  1.0

Action                   |  1- 3 |  4- 6 |  7- 9 | 10-12 || total
-------------------------+-------+-------+-------+-------++-------
Melee: Club              |    59 |       |       |       ||    59
       Punch             |     1 |       |       |       ||     1
 Fire: Hunting sling     |     8 |   148 |   276 |   364 ||   796
Evoke: Wand              |     1 |     2 |       |     3 ||     6
  Use: Scroll            |       |       |       |    14 ||    14
       Potion            |       |       |       |     2 ||     2
 Stab: Sleeping          |     1 |       |       |       ||     1
Armor: Leather armour    |    27 |    19 |     9 |    37 ||    92
Dodge: Dodged            |    46 |    38 |    20 |    57 ||   161
